 Dungeon Crawl Stone Soup version 0.17.2-1-ge4368a0 (webtiles) character file.

3432 Monsterracer the Cleaver (level 9, 0/69 (72) HPs)
             Began as a Mummy Chaos Knight on Aug 12, 2017.
             Slain by a sky beast (6 damage)
             ... on level 6 of the Dungeon.
             The game lasted 00:25:42 (43544 turns).

Monsterracer the Cleaver (Mummy Chaos Knight)      Turns: 43544, Time: 00:25:42

HP:   0/69 (72)     AC:  6    Str: 16      XL:     9   Next: 77%
MP:   10/10         EV:  9    Int: 11      God:    Xom [..*...]
Gold: 1082          SH:  0    Dex: 13 (14) Spells: 3 memorised, 2 levels left

rFire  x . .     SeeInvis .     a - +0 war axe
rCold  + . .     Clarity  .     j - +2 leather armour
rNeg   + + +     SustAt   .     (no shield)
rPois  ∞         Gourm    .     (no helmet)
rElec  .         Spirit   .     v - -1 cloak (curse)
rCorr  .         Warding  .     (no gloves)
rMut   .         Stasis   .     d - +0 pair of boots
MR     +....                    (no amulet)
Stlth  +.........               (no ring)
                                (no ring)

@: somewhat resistant to hostile enchantments, very unstealthy
A: no food or potions, fire vulnerability, cold resistance 1, negative energy
resistance 3, torment resistance, unbreathing
a: Renounce Religion


You were on level 6 of the Dungeon.
You worshipped Xom.
You were a toy of Xom.
You were not hungry.

You visited 1 branch of the dungeon, and saw 6 of its levels.

You collected 1082 gold pieces.

Inventory:

Hand Weapons
 a - a +0 war axe (weapon)
 b - a +1 whip of electrocution
Missiles
 r - 5 steel javelins (quivered)
 t - 7 poisoned javelins
Armour
 d - a +0 pair of boots (worn)
 f - a +0 cloak
 j - a +2 leather armour (worn)
 v - a cursed -1 cloak (worn)
Rods
 w - a +2 rod of inaccuracy (11/11)
   (Xom gifted it to you on level 3 of the Dungeon)
Jewellery
 u - an uncursed ring of teleportation
Wands
 i - a wand of fireball (5)
 m - a wand of fireball (10)
 n - a wand of hasting (5)
 p - a wand of magic darts (24)
 q - a wand of polymorph (11)
 z - a wand of disintegration (4)
Scrolls
 c - a scroll of recharging
 e - 3 scrolls of remove curse
 g - a scroll of enchant weapon {unknown}
 k - a scroll of enchant armour {unknown}
 l - a scroll of amnesia
 o - 2 scrolls of summoning
 s - 3 scrolls of teleportation
 y - a scroll of identify
Miscellaneous
 h - a stone of tremors
 x - a phantom mirror


   Skills:
 + Level 7.3 Fighting
 * Level 8.5 Axes
 - Level 1.5 Armour
 + Level 6.0 Dodging
 + Level 1.5 Evocations


You had 2 spell levels left.
You knew the following spells:

 Your Spells              Type           Power        Failure   Level  Hunger
a - Blink                 Tloc           N/A          69%         2    N/A
b - Swiftness             Chrm/Air       #.......     69%         2    N/A
c - Repel Missiles        Chrm/Air       #.....       69%         2    N/A

Dungeon Overview and Level Annotations

Branches:
Dungeon (6/15)
 Temple: D:4-7

Altars:
Gozag
Okawaru
Sif Muna
Trog
Xom

Annotations:
D:5 Grinder


Innate Abilities, Weirdness & Mutations

You do not eat or drink.
Your flesh is vulnerable to fire.
You are immune to poison.
Your flesh is cold resistant.
You are immune to negative energy.
You are immune to unholy pain and torment.
You can survive without breathing.


Message History

You hit something but do no damage. Something hits you but does no damage.
You miss something. Something hits you.
* * * LOW HITPOINT WARNING * * *
Something shocks you.
* * * LOW HITPOINT WARNING * * *
Unknown command.
Something hits you.
* * * LOW HITPOINT WARNING * * *
Something shocks you.
* * * LOW HITPOINT WARNING * * *
You climb downwards.
An ice beast and a crimson imp come into view.
The crimson imp shouts!
There is a stone staircase leading up here.
Unknown command.
Something hits you.
* * * LOW HITPOINT WARNING * * *
Something shocks you.
You die...
Xom roars with laughter!

#######
#.....#
#..@..#
#.....#
#..Y..#
.......#
..#.....#
...##.....#
5.. ......#
.. .......#


You could see an ice beast and a crimson imp.

Vanquished Creatures
  A manticore (D:4)
  The ghost of Alipheese the Skirmisher, an amateur NaFi of Okawaru (D:4)
  A boulder beetle (D:3)
  A wyvern (D:3)
  A hippogriff (D:4)
  A water moccasin (D:3)
  3 ogres
  An orc warrior (D:3)
  A centaur (D:5)
  A crocodile (D:3)
  A scorpion (D:5)
  A killer bee (D:5)
  2 hounds (D:5)
  3 jellies
  A centaur zombie (D:1)
  4 orc wizards (D:3)
  2 crimson imps
  2 orc priests
  Crazy Yiuf (D:5)
  Ijyb (D:2)
  5 worker ants
  Natasha (thrice) (D:2)
  2 iguanas
  A worker ant zombie (D:5)
  Robin (D:2)
  16 adders
  3 gnolls (D:4)
  3 oozes
  An adder zombie (D:1)
  An adder skeleton (D:1)
  3 worms
  6 giant geckos
  23 orcs
  11 bats
  6 giant cockroaches
  14 hobgoblins
  8 jackals
  14 kobolds
  4 quokkas
  3 ball pythons
  7 giant newts
  17 goblins
  11 rats
193 creatures vanquished.

Vanquished Creatures (collateral kills)
  A centaur warrior (D:4)
  A scorpion (D:5)
  3 orcs
  A kobold (D:1)
6 creatures vanquished.

Vanquished Creatures (others)
  17 fungi (D:1)
  6 plants (D:1)
23 creatures vanquished.

Grand Total: 222 creatures vanquished

Notes
Turn   | Place    | Note
--------------------------------------------------------------
     0 | D:1      | Monsterracer the Mummy Chaos Knight began the quest for the Orb.
     0 | D:1      | Reached XP level 1. HP: 18/18 MP: 1/1
    19 | D:1      | XOM: harmless Divn miscast
    77 | D:1      | Reached skill level 1 in Dodging
   244 | D:1      | Reached XP level 2. HP: 20/24 MP: 2/2
   339 | D:1      | XOM: silly message
   347 | D:1      | XOM: harmless Air miscast
   479 | D:1      | Reached XP level 3. HP: 29/29 MP: 3/3
   641 | D:1      | XOM: harmless Hex miscast
   860 | D:1      | XOM: harmless Air miscast
  1079 | D:1      | XOM: mild Ice miscast
  1232 | D:1      | XOM: god gift: 15 stones
  1358 | D:1      | XOM: god gift: 5 needles of frenzy
  1482 | D:1      | XOM is BORED!
  1482 | D:1      | XOM: medium Summ miscast
  1483 | D:1      | Noticed a smoke demon
  1889 | D:2      | XOM: god gift: stone of tremors
  3848 | D:1      | XOM: silly message
  4113 | D:1      | XOM: divination: detect creatures
  4285 | D:1      | XOM: divination: magic mapping
  4452 | D:1      | XOM is BORED!
  4452 | D:1      | XOM: silly message
  4486 | D:1      | XOM: mild Hex miscast
  5424 | D:1      | XOM is BORED!
  5424 | D:1      | XOM: harmless Hex miscast
  5504 | D:1      | XOM: scenery: 1 doors close
  5799 | D:1      | XOM: harmless Chrm miscast
  6010 | D:1      | XOM: harmless Trmt miscast
  6181 | D:1      | XOM is BORED!
  6181 | D:1      | XOM: silly message
  6889 | D:1      | XOM: harmless Hex miscast
  6891 | D:1      | XOM: harmless Pois miscast
  7286 | D:1      | XOM: silly message
  7306 | D:1      | XOM: colour smoke trail
  7312 | D:1      | XOM: scenery: 1 doors open
  7590 | D:1      | XOM is BORED!
  7590 | D:1      | XOM: silly message
  7630 | D:1      | XOM: mild Conj miscast
  7955 | D:1      | XOM: harmless Divn miscast
  8144 | D:1      | XOM: noise
  8362 | D:1      | XOM: mild Tloc miscast
  8439 | D:1      | XOM: god gift: halberd {god gift}
  8584 | D:1      | XOM: divination: detect creatures
  8827 | D:1      | XOM is BORED!
  8827 | D:1      | XOM: mild Tloc miscast
  8846 | D:1      | XOM: harmless Trmt miscast
  9037 | D:1      | XOM: harmless Erth miscast
  9390 | D:1      | XOM: scenery: 1 doors close
  9489 | D:1      | XOM: silly message
  9505 | D:1      | XOM: harmless Ice miscast
  9573 | D:1      | XOM: god gift: 4 meat rations
 10204 | D:1      | XOM: vitrification
 10235 | D:1      | Noticed a wasp
 10235 | D:1      | Noticed an ogre
 10235 | D:1      | a wasp changed into an ogre
 10241 | D:2      | Noticed Robin
 10244 | D:2      | XOM: smoke on damage
 10252 | D:2      | Killed Robin
 10254 | D:2      | Reached XP level 4. HP: 26/35 MP: 4/4
 10390 | D:2      | Found a faded altar to an unknown god.
 10491 | D:2      | Noticed Ijyb
 10507 | D:2      | Killed Ijyb
 10521 | D:2      | XOM: fog
 10526 | D:2      | XOM: 2-stop teleportation journey
 10656 | D:2      | Found a deep blue altar of Sif Muna.
 10876 | D:1      | XOM: silly message
 10883 | D:1      | Reached XP level 5. HP: 23/42 MP: 5/5
 11441 | D:1      | XOM: god gift: 20 steel sling bullets
 12089 | D:1      | XOM: mild Hex miscast
 12705 | D:1      | XOM: divination: detect creatures
 12838 | D:1      | XOM: divination: detect creatures
 13423 | D:1      | XOM: vitrification
 13441 | D:1      | XOM: summons 2 hostile shadow creatures
 13442 | D:1      | Noticed a stone giant
 13442 | D:1      | HP: 9/42 [stone giant[Xom] (33)]
 13481 | D:2      | XOM: mild Pois miscast
 13506 | D:2      | XOM: god gift: mace {god gift}
 13791 | D:1      | Noticed a griffon
 14536 | D:1      | XOM: noise
 14556 | D:1      | XOM: noise
 14559 | D:1      | Noticed an alligator
 14752 | D:2      | Noticed Natasha
 14764 | D:2      | HP: 19/42 [Natasha/magic dart (6)]
 14767 | D:2      | HP: 9/42 [Natasha (4)]
 14768 | D:2      | Killed Natasha
 14774 | D:2      | HP: 10/42 [adder (1)]
 15065 | D:1      | XOM: medium Ice miscast
 15306 | D:1      | XOM: god gift: silver wand {god gift}
 15473 | D:1      | XOM: vitrification
 15474 | D:1      | Noticed an ogre
 15475 | D:1      | Noticed a griffon
 15617 | D:3      | Noticed a water moccasin
 15620 | D:3      | Killed a water moccasin
 15620 | D:3      | Reached skill level 4 in Fighting
 15620 | D:3      | Reached XP level 6. HP: 48/48 MP: 6/6
 15651 | D:2      | XOM: god gift: leather armour {god gift}
 15770 | D:2      | XOM: god gift: scroll labeled HACOOT NAFO
 15990 | D:2      | XOM: vitrification
 16115 | D:2      | XOM: god gift: brass wand {god gift}
 16318 | D:2      | XOM: god gift: scroll labeled HACOOT NAFO
 16551 | D:2      | XOM: 1-stop teleportation journey
 16611 | D:2      | Noticed Natasha
 16613 | D:2      | Killed Natasha
 16814 | D:2      | XOM: 1-stop teleportation journey
 17270 | D:2      | XOM: god gift: gold wand {god gift}
 17302 | D:2      | XOM: god gift: 5 steel javelins
 17488 | D:2      | XOM: divination: detect creatures
 17775 | D:2      | XOM: god gift: 24 gold pieces
 17802 | D:2      | Noticed Natasha
 17808 | D:2      | Killed Natasha
 17932 | D:2      | XOM: god gift: scroll labeled KABELECSIO
 18025 | D:2      | Reached skill level 1 in Evocations
 18679 | D:2      | XOM: god gift: 7 poisoned javelins
 18696 | D:2      | XOM: harmless Necr miscast
 18842 | D:2      | XOM: summons 4 hostile shadow creatures
 18976 | D:2      | XOM: noise
 19093 | D:2      | XOM: mild Air miscast
 19182 | D:2      | XOM: colour smoke trail
 19189 | D:2      | XOM: summons 2 hostile demons
 19190 | D:2      | Noticed a hellwing
 19434 | D:3      | XOM: 1-stop teleportation journey
 19447 | D:3      | XOM: swap monsters
 20640 | D:2      | XOM: god gift: glowing scimitar {god gift}
 20837 | D:2      | Noticed a white ugly thing
 21395 | D:2      | XOM: vitrification
 21714 | D:3      | Found a bloodstained altar of Trog.
 21714 | D:3      | Found an iron altar of Okawaru.
 21819 | D:3      | Reached XP level 7. HP: 55/55 MP: 7/7
 21914 | D:3      | Noticed an ogre
 21923 | D:3      | Killed an ogre
 21923 | D:3      | Reached skill level 5 in Axes
 22260 | D:3      | XOM: vitrification
 22435 | D:3      | XOM: god gift: weird smoking rod {god gift}
 22437 | D:3      | Identified a +2 rod of inaccuracy (11/11) (Xom gifted it to you on level 3 of the Dungeon)
 23159 | D:3      | XOM: silly message
 23483 | D:3      | XOM: harmless Trmt miscast
 24379 | D:3      | XOM: mild Pois miscast
 24483 | D:3      | XOM: harmless Necr miscast
 24511 | D:3      | XOM: noise
 24922 | D:3      | XOM: silly message
 25263 | D:3      | XOM: medium Necr miscast
 25264 | D:3      | Noticed a shadow
 25264 | D:3      | Noticed a shadow
 25287 | D:4      | HP: 24/55 [something (5)]
 25400 | D:4      | XOM: mild Chrm miscast
 25409 | D:4      | XOM: silly message
 25709 | D:3      | XOM: 3-stop teleportation journey
 26919 | D:3      | XOM: god gift: papyrus book {god gift}
 27003 | D:3      | XOM: vitrification
 27049 | D:3      | XOM: 6-stop teleportation journey
 27050 | D:3      | Noticed a boulder beetle
 27169 | D:2      | XOM: colour smoke trail
 27279 | D:2      | XOM: colour smoke trail
 27782 | D:2      | XOM is BORED!
 27782 | D:2      | XOM: medium Conj miscast
 27859 | D:3      | XOM: confuse monster(s)
 27929 | D:3      | XOM: smoke on damage
 27930 | D:3      | HP: 24/55 [orc warrior/short sword (15)]
 27937 | D:3      | HP: 16/55 [orc/club (3)]
 28084 | D:3      | XOM: noise
 28165 | D:3      | XOM: harmless Trmt miscast
 28187 | D:3      | Learned a level 2 spell: Blink
 28190 | D:3      | Learned a level 2 spell: Slow
 28193 | D:3      | Learned a level 2 spell: Repel Missiles
 28199 | D:4      | XOM: enchant monster (bad)
 28432 | D:3      | XOM: summons 3 hostile demons
 28433 | D:3      | Noticed a smoke demon
 28433 | D:3      | Noticed a sixfirhy
 28433 | D:3      | HP: 22/55 [sixfirhy[Xom] (9)]
 28478 | D:4      | HP: 23/55 [adder (2)]
 28555 | D:4      | XOM: divination: detect creatures
 29344 | D:3      | XOM: scenery: create altars
 29540 | D:3      | XOM: god gift: ring mail {god gift}
 30205 | D:3      | XOM: god gift: scale mail {god gift}
 30245 | D:3      | XOM: god gift: leather armour {god gift}
 31045 | D:3      | XOM: vitrification
 31214 | D:3      | XOM: vitrification
 31255 | D:3      | XOM: 9-stop teleportation journey
 31327 | D:3      | Noticed a stone giant
 31335 | D:3      | Noticed a wyvern
 31344 | D:3      | Killed a wyvern
 31344 | D:3      | Reached skill level 5 in Fighting
 31418 | D:4      | Noticed Alipheese's ghost (amateur NaFi)
 31660 | D:4      | XOM: divination: magic mapping
 31685 | D:4      | XOM: enchant monster (good)
 31701 | D:4      | HP: 28/56 [Alipheese's ghost (1)]
 31705 | D:4      | Killed Alipheese's ghost
 31705 | D:4      | Reached skill level 6 in Axes
 31705 | D:4      | Reached XP level 8. HP: 31/63 MP: 8/8
 31707 | D:4      | HP: 28/63 [worker ant (3)]
 31903 | D:4      | Found an opulent altar of Gozag.
 31949 | D:4      | HP: 29/63 [iguana (9)]
 32257 | D:3      | XOM: harmless Trmt miscast
 32297 | D:3      | XOM: harmless Chrm miscast
 32558 | D:3      | XOM: harmless Ice miscast
 32637 | D:3      | XOM: god gift: phantom mirror
 32865 | D:3      | XOM: harmless Hex miscast
 33142 | D:3      | XOM: god gift: chain mail {god gift}
 34043 | D:3      | XOM: 3-stop teleportation journey
 34057 | D:3      | Noticed an orc knight
 34081 | D:3      | XOM: cast spell 'Call Canine Familiar'
 35407 | D:3      | HP: 32/64 [iguana (9)]
 35515 | D:3      | XOM: god gift: 4 meat rations
 35855 | D:3      | Killed a boulder beetle
 35936 | D:3      | XOM: god gift: leatherbound book {god gift}
 35978 | D:3      | XOM: god gift: meat ration
 36078 | D:3      | Learned a level 2 spell: Swiftness
 36079 | D:3      | XOM: vitrification
 36524 | D:4      | Noticed a centaur warrior
 36530 | D:4      | XOM: stat loss: -1 Dex (12/13)
 36535 | D:4      | XOM: summons friendly sun demon
 36536 | D:4      | HP: 27/64 [centaur warrior (9)]
 36536 | D:4      | Killed a centaur warrior
 36536 | D:4      | Reached skill level 7 in Axes
 36536 | D:4      | Reached skill level 5 in Dodging
 36536 | D:4      | Reached XP level 9. HP: 29/71 MP: 9/9
 36745 | D:4      | XOM: mild Chrm miscast
 36880 | D:4      | XOM is BORED!
 36880 | D:4      | XOM: medium Conj miscast
 36880 | D:4      | HP: 23/71 [something (23)]
 37033 | D:4      | XOM: severe Pois miscast
 37232 | D:4      | XOM: confusion (+ monsters)
 37237 | D:4      | XOM: medium Summ miscast
 37247 | D:4      | HP: 29/71 [red devil/trident[the capriciousness of Xom] (21)]
 37248 | D:5      | Entered Level 5 of the Dungeon
 37345 | D:5      | XOM: 3-stop teleportation journey
 37538 | D:5      | XOM: polymorph adder -> killer bee
 37967 | D:4      | XOM: colour smoke trail
 38197 | D:4      | XOM: summons 1 hostile demon
 39118 | D:4      | XOM: summons 2 hostile demons
 39718 | D:4      | XOM: noise
 39810 | D:4      | XOM is BORED!
 39810 | D:4      | XOM: stat loss: -2 Dex (11/14)
 40395 | D:4      | XOM: mild Erth miscast
 40683 | D:4      | XOM is BORED!
 40683 | D:4      | XOM: medium Trmt miscast
 41585 | D:4      | XOM: harmless Fire miscast
 41597 | D:4      | Noticed a manticore
 41601 | D:4      | Killed a manticore
 41601 | D:4      | Reached skill level 8 in Axes
 41768 | D:4      | XOM: colour smoke trail
 42088 | D:4      | XOM: god gift: 830 gold pieces
 42115 | D:4      | XOM: god gift: scroll of teleportation
 42619 | D:4      | XOM: divination: detect creatures
 42713 | D:4      | Noticed a hill giant
 42761 | D:5      | Noticed Crazy Yiuf
 42765 | D:5      | HP: 33/69 [Crazy Yiuf/quarterstaff of chaos (12)]
 42772 | D:5      | HP: 26/69 [Crazy Yiuf/quarterstaff of chaos (7)]
 42787 | D:5      | HP: 24/69 [Crazy Yiuf/quarterstaff of chaos (3)]
 42817 | D:5      | Killed Crazy Yiuf
 43115 | D:5      | XOM: divination: detect items
 43478 | D:5      | Noticed Grinder
 43493 | D:5      | XOM: swap monsters
 43494 | D:5      | Paralysed by Grinder for 3 turns
 43497 | D:5      | HP: 33/69 [something (6)]
 43500 | D:5      | XOM: summons 2 friendly demons
 43519 | D:5      | HP: 34/69 [something (2)]
 43535 | D:5      | XOM: divination: detect creatures
 43541 | D:5      | HP: 24/69 [something (2)]
 43542 | D:5      | HP: 11/69 [something (5)]
 43544 | D:6      | Slain by a sky beast

Action                   |  1- 3 |  4- 6 |  7- 9 || total
-------------------------+-------+-------+-------++-------
Melee: Hand axe          |   102 |   216 |   142 ||   460
       Whip              |       |       |   357 ||   357
       War axe           |       |       |    12 ||    12
 Abil: Evoke Teleportati |       |       |     1 ||     1
Evoke: Wand              |       |     1 |     1 ||     2
       Rod               |       |       |     5 ||     5
  Use: Scroll            |       |     3 |     8 ||    11
 Stab: Paralysed         |     3 |     4 |       ||     7
       Confused          |       |     2 |     2 ||     4
       Distracted        |       |     1 |       ||     1
       Sleeping          |       |       |     2 ||     2
